 Dungeon Crawl Stone Soup version 0.30-a0-1161-g0704695555 (webtiles) character file.

Game seed: 5536105207105451458

28 Juicyj the Trooper (level 3, -5/33 HPs)
             Began as a Minotaur Monk on Apr 27, 2023.
             Slain by a cerulean imp
             ... wielding a +2 spear
             ... summoned by Natasha
              (7 damage)
             ... on level 2 of the Dungeon.
             The game lasted 00:01:35 (944 turns).

Juicyj the Trooper (Minotaur Monk)                   Turns: 944, Time: 00:01:35

Health: -5/33      AC:  3    Str: 17    XL:     3   Next: 0%
Magic:  2/2        EV: 13    Int:  7    God:
Gold:   60         SH:  0    Dex: 12    Spells: 2/2 levels left

rFire   . . .        a - +0 hand axe
rCold   . . .        (no shield)
rNeg    . . .        b - +0 robe
rPois   .            (helmet restricted)
rElec   .            (no cloak)
rCorr   .            l - +0 pair of gloves
SInv    .            (no boots)
Will    .....        (no amulet)
Stlth   +            (no ring)
HPRegen 0.25/turn    (no ring)
MPRegen 0.08/turn

%: no passive effects
@: confused, ambrosia-drunk
A: horns 2, retaliatory headbutt
a: no special abilities


You were on level 2 of the Dungeon.
You visited 1 branch of the dungeon, and saw 2 of its levels.

You collected 60 gold pieces.

Inventory:

Hand Weapons
 a - a +0 hand axe (weapon)
Armour
 b - a +0 robe (worn)
 d - an orb of light
 l - a +0 pair of gloves (worn)
Scrolls
 e - a scroll of noise {unknown}
 f - a scroll of magic mapping {unknown}
 g - a scroll of fear {unknown}
 h - 2 scrolls of poison {unknown}
 i - a scroll of amnesia {unknown}
 k - a scroll of identify {unknown}
 m - a scroll of teleportation {unknown}
Potions
 j - a potion of might {unknown}


   Skills:
 + Level 4.1 Fighting
 + Level 4.1 Axes
 + Level 0.4 Throwing
 + Level 3.7 Dodging


You had 2 spell levels left.
You didn't know any spells.
Your spell library contained the following spells:

 Spells                   Type           Power      Damage    Failure   Level
 Freeze                   Ice            0%         1d3       43%         1
 Frozen Ramparts          Ice            0%         1d1       80%         3
 Hailstorm                Conj/Ice       0%         3d3       80%         3


Dungeon Overview and Level Annotations

Branches:
Dungeon (2/15)

Altars:

Annotations:
D:2 Natasha


Innate Abilities, Weirdness & Mutations

You have a pair of horns on your head.
You reflexively headbutt those who attack you in melee.


Message History

You hit the cerulean imp.
The cerulean imp is moderately wounded.
You hit Natasha. The bat barely misses you.
Natasha howls an incantation.
Natasha's front paws start to glow.
Natasha completely misses you. The cerulean imp closely misses you.
The cerulean imp hits you from afar with a +1 spear.
The cerulean imp hits you but does no damage.
You slash Natasha!
Natasha is heavily wounded.
You hit the bat.
You kill the bat!
You hit the cerulean imp but do no damage.
Natasha misses you.
The cerulean imp hits you from afar with a +1 spear.
The cerulean imp misses you.
The cerulean imp hits you from afar with a +1 spear.
You have reached level 3!
Your experience leads to an increase in your attributes!
Increase (S)trength, (I)ntelligence, or (D)exterity?
You feel stronger. x2
You barely miss Natasha.
Natasha is heavily wounded.
You hit the cerulean imp but do no damage.
Natasha claws you. The cerulean imp barely misses you.
The cerulean imp hits you with a +2 spear.
The cerulean imp hits you from afar with a +1 spear.
You miss Natasha.
Natasha is heavily wounded.
You closely miss the cerulean imp. Natasha claws you!
* * * LOW HITPOINT WARNING * * *
The cerulean imp hits you but does no damage.
The cerulean imp barely misses you. x2
You are confused.
You feel invigorated. Natasha claws you.
* * * LOW HITPOINT WARNING * * *
The cerulean imp hits you from afar with a +1 spear.
* * * LOW HITPOINT WARNING * * *
The cerulean imp hits you with a +2 spear!
You die...

##....##.####...........
#..##....# #...........
..######.# #...........
.# ####.####...........
.# ##...................
...#..##..###...........
##...###................
..............).........
#........###b.#.@h5.#...
...>>.#..#...##†5....#
..###.##....###.#.5...#
.........[......#####..#
.<.#......#.>....# ..
.............##..... .
..........##### #....
..........# ....
.>......... ###


You could see Natasha and 3 cerulean imps.

Vanquished Creatures
  3 bats
  3 goblins (D:1)
  3 hobgoblins
  4 jackals (D:1)
  6 kobolds (D:1)
  A quokka (D:1)
  A ball python (D:1)
  2 frilled lizards (D:1)
  A rat (D:1)
24 creatures vanquished.

Notes
Turn   | Place    | Note
-------+----------+-------------------------------------------
     0 | D:1      | Juicyj the Minotaur Monk began the quest for the Orb.
     0 | D:1      | Reached XP level 1. HP: 19/19 MP: 0/0
    83 | D:1      | Reached XP level 2. HP: 13/27 MP: 1/1
   931 | D:2      | Noticed Natasha
   942 | D:2      | Reached XP level 3. HP: 17/33 MP: 2/2
   944 | D:2      | Slain by a cerulean imp

Illustrated notes

Levels and vault maps discovered:
D:1:      amcnicky_arrival_underground_garden, layout_basic, serial_glass,
          glass_columns_b, glass_columns_a
D:2:      layout_rooms, uniq_natasha

Skill      XL: |  1  2 |
---------------+-------+-----
Fighting       | 4 |  4.1
Axes           | 4 |  4.1
Throwing       | |  0.4
Dodging        | |  3.7

Action                     || total
---------------------------++-------
  Melee: Hand axe          ||    42
         Headbutt          ||     4
    Use: Potion            ||     1
 Armour: Robe              ||    13
  Dodge: Dodged            ||    40

Table legend: (Time is in decaauts)
 A = Elapsed time spent in this place.
 B = Non-inter-level travel time spent in this place.
 C = Inter-level travel time spent in this place.
 D = Time resting spent in this place.
 E = Time spent auto-exploring this place.
 F = Levels seen in this place.
 G = Mean time per level.
                   A        B        C        D        E       F      G
               +--------+--------+--------+--------+--------+-----+--------+
         Total |    948 |    887 |     61 |      0 |    759 |   2 |  474.0 |
       Dungeon |    948 |    887 |     61 |      0 |    759 |   2 |  474.0 |
               +--------+--------+--------+--------+--------+-----+--------+

Top non-repeatable levels by time:
     D:1: 903 daAuts
     D:2: 44 daAuts
